 Dungeon Crawl Stone Soup version 0.26-a0-597-gb535b0901c (webtiles) character file.

Game seed: 12874023104692181165

116 HoaS the Shield-Bearer (level 5, -6/41 HPs)
             Began as a Formicid Fighter on Aug 26, 2020.
             Mangled by an ogre
             ... wielding a +0 giant club
              (9 damage)
             ... on level 3 of the Dungeon.
             The game lasted 00:05:32 (2570 turns).

HoaS the Shield-Bearer (Formicid Fighter)           Turns: 2570, Time: 00:05:32

Health: -6/41      AC: 11    Str: 21    XL:     5   Next: 21%
Magic:  5/5        EV:  6    Int:  8    God:
Gold:   157        SH: 10    Dex: 10    Spells: 4/4 levels left

rFire    . . .     SeeInvis +   a - +1 quarterstaff
rCold    . . .     Faith    .   c - +1 kite shield
rNeg     . . .     Spirit   .   h - +0 chain mail
rPois    .         Reflect  .   (helmet unavailable)
rElec    .         Harm     .   m - +0 cloak
rCorr    .                      b - +0 pair of gloves
MR       .....                  (no boots)
Stlth    ..........             (no amulet)
HPRegen  0.13/turn              (no ring)
MPRegen  0.09/turn              (no ring)

@: mighty
A: permanent stasis, dig shafts and tunnels, four strong arms, antennae 3
a: Dig, Shaft Self


You were on level 3 of the Dungeon.
You visited 1 branch of the dungeon, and saw 4 of its levels.

You collected 157 gold pieces.

Inventory:

Hand Weapons
 a - a +1 quarterstaff (weapon)
Armour
 b - a +0 pair of gloves (worn)
 c - a +1 kite shield (worn)
 h - a +0 chain mail (worn)
 m - a +0 cloak (worn)
Jewellery
 e - an uncursed ring of magical power {unknown}
 f - an uncursed ring of protection from cold {unknown}
Scrolls
 i - a scroll of fog
Potions
 g - a potion of mutation
 j - 4 potions of curing
 k - a potion of degeneration {unknown}
 l - a potion of lignification {unknown}
 n - a potion of stabbing {unknown}


   Skills:
 - Level 3.2 Fighting
 * Level 4.2 Staves
 - Level 3.2 Armour
 + Level 4.8 Shields


You had 4 spell levels left.
You didn't know any spells.
Your spell library was empty.

Dungeon Overview and Level Annotations

Branches:
Dungeon (4/15)
 Temple: D:4-7

Altars:
Trog


Innate Abilities, Weirdness & Mutations

You cannot be hasted, slowed, berserked, paralysed or teleported.
You can dig through walls and to a lower floor.
Your four strong arms can wield two-handed weapons with a shield.
You have a pair of large antennae on your head. (SInv)


Message History

No target in view!
You start resting.
HP restored.
You climb downwards.
The ogre hits you with a +0 giant club! You block the ogre's attack.
There is a stone staircase leading up, spattered with blood here.
The phantom hits you.
You climb upwards.
There is a stone staircase leading down here.
The ogre hits you with a +0 giant club!!
Ouch! That really hurt!
* * * LOW HITPOINT WARNING * * *
You block the ogre's attack.
The phantom blinks!
The phantom blinks!
You feel very mighty all of a sudden.
The phantom blinks!
The ogre hits you with a +0 giant club!
* * * LOW HITPOINT WARNING * * *
You barely miss the ogre. The ogre hits you with a +0 giant club!
You die...

...).'...'.......#.....#
.....#...#.......#.....#
....##...##.....##.....#
...##.....##...#########
####.......#####
...##.........#
##..#....<###.#
##......#####.#######
.....#......>..O@...##
<...........†######..#
.>............# ####
..............#
..............#
..)...........#
.............{#
..............#
.............##


You could see an ogre.

Vanquished Creatures
  Terence (D:2)
  2 adders
  4 dart slugs
  3 leopard geckos
  3 orcs (D:3)
  5 bats
  4 giant cockroaches
  9 goblins
  6 hobgoblins
  5 jackals (D:3)
  4 frilled lizards
  6 kobolds
  2 rats (D:2)
54 creatures vanquished.

Notes
Turn   | Place    | Note
-------+----------+-------------------------------------------
     0 | D:1      | HoaS the Formicid Fighter began the quest for the Orb.
     0 | D:1      | Reached XP level 1. HP: 18/18 MP: 1/1
    75 | D:1      | Reached XP level 2. HP: 24/24 MP: 2/2
   375 | D:1      | Reached XP level 3. HP: 26/29 MP: 3/3
   980 | D:2      | Noticed Terence
   991 | D:2      | Killed Terence
   991 | D:2      | Reached XP level 4. HP: 24/35 MP: 4/4
  2104 | D:3      | Reached XP level 5. HP: 39/41 MP: 5/5
  2447 | D:4      | Noticed a phantom
  2473 | D:4      | Found a bloodstained altar of Trog.
  2476 | D:4      | Noticed an ogre
  2570 | D:3      | Mangled by an ogre

Illustrated notes

Levels and vault maps discovered:
D:1:      saegor_arrival_simple_e, layout_basic
D:2:      layout_basic, uniq_terence
D:3:      kennysheep_six_static_rooms, layout_rooms
D:4:      layout_rooms, grunt_temple_overflow_open, fedhas_altar_3,
          gammafunk_temple_overflow_pools, serial_shops, shop,
          nemelex_lonely_heart_becter, uniq_grinder, uniq_ijyb,
          uniq_blork_the_orc

Skill      XL: |  1  2  3  4 |
---------------+-------------+-----
Shields        | 4 |  4.8
Staves         | 3 4 |  4.2
Fighting       | |  3.2
Armour         | |  3.2

Action                   |  1- 3 |  4- 6 || total
-------------------------+-------+-------++-------
Melee: Quarterstaff      |    76 |   116 ||   192
  Use: Scroll            |     3 |     8 ||    11
       Potion            |       |     1 ||     1
Armor: Scale mail        |    25 |       ||    25
       Chain mail        |       |    37 ||    37
Dodge: Dodged            |    23 |    20 ||    43
Block: Kite shield       |    34 |    80 ||   114

Table legend: (Time is in decaauts)
 A = Elapsed time spent in this place.
 B = Non-inter-level travel time spent in this place.
 C = Inter-level travel time spent in this place.
 D = Time resting spent in this place.
 E = Time spent auto-exploring this place.
 F = Levels seen in this place.
 G = Mean time per level.
                   A        B        C        D        E       F      G
               +--------+--------+--------+--------+--------+-----+--------+
         Total |   2607 |   2365 |    242 |    447 |   1372 |   4 |  651.8 |
       Dungeon |   2607 |   2365 |    242 |    447 |   1372 |   4 |  651.8 |
               +--------+--------+--------+--------+--------+-----+--------+

Top non-repeatable levels by time:
     D:2: 1060 daAuts
     D:1: 850 daAuts
     D:3: 608 daAuts
     D:4: 88 daAuts
